 Dungeon Sprint DCSS version 0.29-a0-392-g297d3b089c (webtiles) character file.

Game seed: 18171634520156579590

499 mhtbhm the Fighter (level 7, -2/51 HPs)
             Began as a Gargoyle Fighter on May 8, 2022.
             Was a Follower of Okawaru.
             Slain by a wyvern (8 damage)
             ... in the Dungeon (Sprint IX: "|||||||||||||||||||||||||||||").
             The game lasted 00:00:53 (242 turns).

mhtbhm the Fighter (Gargoyle Fighter)                Turns: 242, Time: 00:00:53

Health: -2/51      AC: 16    Str: 21    XL:     7   Next: 16%
Magic:  10/10      EV: 10    Int:  9    God:    Okawaru [*.....]
Gold:   0          SH:  6    Dex: 12    Spells: 6/6 levels left

rFire   . . .      SeeInvis .   a - +0 flail
rCold   . . .      Faith    .   c - +0 buckler
rNeg    + . .      Spirit   .   b - +1 chain mail
rPois   ∞          Reflect  .   (no helmet)
rElec   +          Harm     .   (no cloak)
rCorr   .          Rampage  .   (no gloves)
Will    .....      NoTele   +   (no boots)
Stlth   ..........              (no amulet)
HPRegen 0.17/turn               m - +2 ring of evasion
MPRegen 0.12/turn               n - +3 ring of dexterity

@: no status effects
A: sickness immunity, AC +4, negative energy resistance 1, electricity
resistance, torment resistance 1, petrification resistance
a: Renounce Religion, Heroism


You were in the Dungeon.
You worshipped Okawaru.
Okawaru was aware of your devotion.
You visited 1 branch

Inventory:

Hand Weapons
 a - a +0 flail (weapon)
Armour
 b - a +1 chain mail (worn)
 c - a +0 buckler (worn)
Jewellery
 m - a +2 ring of evasion (left hand)
 n - a +3 ring of dexterity (right hand)
Wands
 l - a wand of iceblast (10)
Scrolls
 j - 2 scrolls of blinking
 k - 2 scrolls of amnesia
Potions
 d - a potion of might
 e - 5 potions of curing
 f - 2 potions of heal wounds
 g - a potion of haste
 h - 4 potions of magic


   Skills:
 + Level 9.1 Fighting
 + Level 6.8 Maces & Flails
 + Level 8.2 Armour
 + Level 1.3 Dodging
 + Level 2.2 Stealth
 + Level 7.9 Shields
 * Level 4.7 Invocations


You had 6 spell levels left.
You didn't know any spells.
Your spell library was empty.

Dungeon Overview and Level Annotations

Branches:
Dungeon (1/1)

Altars:
Cheibriados
Dithmenos
Elyvilon
Fedhas
Gozag
Hepliaklqana
Kikubaaqudgha
Makhleb
Nemelex Xobeh
Okawaru
Qazlal
Ru
Sif Muna
Trog
Uskayaw
Vehumet
Wu Jian
Xom
Yredelemnul
Zin
The Shining One
Beogh
Jiyva
Lugonu


Innate Abilities, Weirdness & Mutations

You are immune to sickness and miasma.
Your stone body is resilient. (AC +4)
You are immune to poison.
You resist negative energy. (rN+)
You are resistant to electric shocks. (rElec)
You are resistant to unholy torment.
You are immune to petrification.


Message History

You hit the kobold brigand.
The kobold brigand is lightly wounded.
The kobold brigand barely misses you.
You sock the kobold brigand!
The kobold brigand is heavily wounded.
The kobold brigand misses you.
You hit the kobold brigand.
The kobold brigand is heavily wounded.
The kobold brigand hits you but does no damage.
You hit the kobold brigand.
The kobold brigand is heavily wounded.
You block the kobold brigand's attack.
You sock the kobold brigand!
The kobold brigand is almost dead.
The kobold brigand hits you but does no damage.
You hit the kobold brigand but do no damage.
The kobold brigand is almost dead.
You block the kobold brigand's attack.
You hit the kobold brigand.
You kill the kobold brigand!
Okawaru accepts your kill.
Your Stealth skill increases to level 2!
You have reached level 7!
Unknown command.
You barely miss the wyvern. The wyvern bites you!
You block the wyvern's attack.
You hit the wyvern but do no damage.
The wyvern bites you but does no damage.
You sock the wyvern!
The wyvern is moderately wounded.
The wyvern bites you but does no damage. x2
You barely miss the wyvern.
The wyvern is moderately wounded.
The wyvern bites you!
* * * LOW HITPOINT WARNING * * *
You block the wyvern's attack.
You barely miss the wyvern.
The wyvern is moderately wounded.
The wyvern bites you!
You die...

▓.▓
▓.▓
▓.▓
▓.▓
▓.▓
▓.▓
▓l▓
▓@▓
▓.▓
▓[▓
▓[▓
▓[▓
▓.▓
▓)▓
▓.▓
▓.▓


You could see a wyvern.

Vanquished Creatures
  A yak (D)
  An ice beast (D)
  A kobold brigand (D)
  A scorpion (D)
  A killer bee (D)
  A gnoll shaman (D)
  An adder (D)
  An ufetubus (D)
  An orc (D)
  An endoplasm (D)
  A hobgoblin (D)
  2 bats (D)
  A kobold (D)
14 creatures vanquished.

Vanquished Creatures (others)
  A gnoll sergeant (D)
1 creature vanquished.

Grand Total: 15 creatures vanquished

Notes
Turn   | Place    | Note
-------+----------+-------------------------------------------
     0 | D        | mhtbhm the Gargoyle Fighter began the quest for the Orb.
     0 | D        | Reached XP level 1. HP: 14/14 MP: 1/1
    62 | D        | Noticed an ice beast
    62 | D        | Noticed a scorpion
    66 | D        | Reached skill level 4 in Fighting
    66 | D        | Reached XP level 2. HP: 20/20 MP: 2/2
    67 | D        | Killed a scorpion
    68 | D        | Reached skill level 6 in Fighting
    68 | D        | Reached skill level 5 in Armour
    68 | D        | Reached skill level 5 in Shields
    68 | D        | Reached XP level 3. HP: 27/27 MP: 3/3
    68 | D        | Reached XP level 4. HP: 32/32 MP: 4/4
    75 | D        | Killed an ice beast
    76 | D        | Reached skill level 7 in Fighting
    76 | D        | Reached XP level 5. HP: 39/39 MP: 5/5
    81 | D        | Found a snail-covered altar of Cheibriados.
    81 | D        | Found a shadowy altar of Dithmenos.
    81 | D        | Found a white marble altar of Elyvilon.
    81 | D        | Found a blossoming altar of Fedhas.
    81 | D        | Found an opulent altar of Gozag.
    82 | D        | Found a hazy altar of Hepliaklqana.
    83 | D        | Found a viscous altar of Jiyva.
    84 | D        | Found an ancient bone altar of Kikubaaqudgha.
    85 | D        | Found a corrupted altar of Lugonu.
    86 | D        | Found a burning altar of Makhleb.
    87 | D        | Found a sparkling altar of Nemelex Xobeh.
    88 | D        | Found an iron altar of Okawaru.
    89 | D        | Found a stormy altar of Qazlal.
    90 | D        | Found a sacrificial altar of Ru.
    91 | D        | Found a shimmering blue altar of Sif Muna.
    92 | D        | Found a bloodstained altar of Trog.
    93 | D        | Found a hide-covered altar of Uskayaw.
    94 | D        | Found a radiant altar of Vehumet.
    95 | D        | Found an ornate altar of the Wu Jian Council.
    96 | D        | Became a worshipper of Warmaster Okawaru
    97 | D        | Found a shimmering altar of Xom.
    98 | D        | Found a basalt altar of Yredelemnul.
   145 | D        | Found a glowing silver altar of Zin.
   146 | D        | Found a glowing golden altar of the Shining One.
   187 | D        | Noticed a wyvern
   187 | D        | Noticed a kobold brigand
   187 | D        | Noticed a yak
   197 | D        | Reached skill level 8 in Fighting
   197 | D        | Reached skill level 5 in Maces & Flails
   197 | D        | Reached skill level 1 in Invocations
   212 | D        | Killed a yak
   212 | D        | Reached * piety under Okawaru
   213 | D        | Reached skill level 1 in Dodging
   213 | D        | Reached skill level 1 in Stealth
   213 | D        | Reached XP level 6. HP: 45/45 MP: 6/8
   220 | D        | Reached skill level 9 in Fighting
   238 | D        | Reached XP level 7. HP: 29/51 MP: 10/10
   242 | D        | Slain by a wyvern

Illustrated notes

Levels and vault maps discovered:
D:        linesprint [early_d, line_temple, items_1, d_10, items_2, lair_1,
          lair_end, items_3, orc_1, orc_end, items_4, d_15, swamp_1, shoals_1,
          snake_1, spider_1, d_20, vaults_1, items_5, swamp_end, shoals_end,
          snake_end, spider_end, vaults_end, d_27, items_6, zot_1, zot_end,
          crypt_end, forest_end, elf_end, slime_end, tomb_end, abyss_end,
          pan_hell_end]

Skill      XL: |  1  2  3  4  5  6 |
---------------+-------------------+-----
Armour         | 4 5 6 7 8 |  8.2
Fighting       | 4 6 7 8 9 |  9.1
Maces & Flails | 3 4 6 |  6.8
Shields        | 5 6 7 |  7.9
Invocations    | 3 4 |  4.7
Dodging        | 1 |  1.3
Stealth        | 1 2 |  2.2

Action                   |  1- 3 |  4- 6 |  7- 9 || total
-------------------------+-------+-------+-------++-------
Melee: Flail             |    16 |    55 |     5 ||    76
  Use: Potion            |     1 |     2 |       ||     3
 Stab: Invisible         |       |     4 |       ||     4
Armor: Scale mail        |     6 |     1 |       ||     7
       Chain mail        |       |    17 |     3 ||    20
Dodge: Dodged            |     9 |    26 |       ||    35
Block: Buckler           |     2 |    14 |     2 ||    18

Table legend: (Time is in decaauts)
 A = Elapsed time spent in this place.
 B = Non-inter-level travel time spent in this place.
 C = Inter-level travel time spent in this place.
 D = Time resting spent in this place.
 E = Time spent auto-exploring this place.
 F = Levels seen in this place.
 G = Mean time per level.
                   A        B        C        D        E       F      G
               +--------+--------+--------+--------+--------+-----+--------+
         Total |    261 |    261 |      0 |     88 |      0 |   1 |  261.0 |
       Dungeon |    261 |    261 |      0 |     88 |      0 |   1 |  261.0 |
               +--------+--------+--------+--------+--------+-----+--------+

Top non-repeatable levels by time:
       D: 261 daAuts
